 Dungeon Crawl Stone Soup version 0.21-a0-380-gd65dc97 (webtiles) character file.

201 tof the Twirler (level 5, -13/45 HPs)
             Began as a Minotaur Gladiator on Oct 17, 2017.
             Mangled by an ogre
             ... wielding a cursed +0 giant club
              (15 damage)
             ... on level 3 of the Dungeon.
             The game lasted 00:03:43 (1745 turns).

tof the Twirler (Minotaur Gladiator)                Turns: 1745, Time: 00:03:43

Health: -13/45     AC:  8    Str: 18    XL:     5   Next: 50%
Magic:  4/4        EV:  9    Int:  5    God:
Gold:   70         SH:  0    Dex: 13    Spells: 4/4 levels left

rFire    . . .     SeeInvis .   a - +0 quarterstaff
rCold    . . .     Gourm    .   (shield currently unavailable)
rNeg     . . .     Faith    .   r - +0 chain mail
rPois    .         Spirit   .   c - +0 hat
rElec    .         Reflect  .   (no cloak)
rCorr    .         Harm     .   (no gloves)
MR       .....     Rnd*Tele +   (no boots)
Stlth    ..........             t - amulet of rage
HPRegen  0.15/turn              e - ring of teleportation (curse)
MPRegen  0.09/turn              (no ring)

@: no status effects
A: retaliatory headbutt, horns 2
a: Evoke Berserk Rage


You were on level 3 of the Dungeon.
You were not hungry.

You visited 1 branch of the dungeon, and saw 3 of its levels.

You collected 70 gold pieces.

Inventory:

Hand Weapons
 a - a +0 quarterstaff (weapon)
Missiles
 d - 3 throwing nets
 s - 3 tomahawks of returning (quivered)
Armour
 c - a +0 hat (worn)
 r - a +0 chain mail (worn)
Jewellery
 e - a cursed ring of teleportation (left hand)
 t - an amulet of rage (around neck)
Scrolls
 i - 2 scrolls of enchant armour {unknown}
 j - 7 scrolls of identify {unknown}
 k - a scroll of immolation {unknown}
 l - a scroll of amnesia {unknown}
 n - 4 scrolls of teleportation {unknown}
 q - a scroll of recharging {unknown}
 u - a scroll of enchant weapon {unknown}
 w - a scroll of random uselessness {unknown}
Potions
 b - a potion of curing {unknown}
 h - a potion of haste {unknown}
 m - a potion of heal wounds {unknown}
 o - 2 potions of mutation {unknown}
 p - a potion of ambrosia {unknown}
 v - a potion of resistance {unknown}
Comestibles
 f - 3 bread rations
 g - a royal jelly
 x - 2 chunks of flesh


   Skills:
 + Level 3.6 Fighting
 * Level 5.3 Staves
 + Level 2.9 Throwing
 + Level 2.2 Armour
 + Level 4.0 Dodging


You had 4 spell levels left.
You didn't know any spells.

Dungeon Overview and Level Annotations

Branches:
Dungeon (3/15)

Altars:


Innate Abilities, Weirdness & Mutations

You reflexively headbutt those who attack you in melee.
You have a pair of horns on your head.


Message History

a dagger; a kobold corpse
Found 9 stones.
An ogre comes into view. It is wielding a giant club.
The ogre shouts!
The ogre hits you with a giant club!
You see here 9 stones.
You barely miss the ogre. You headbutt the ogre!
The ogre is moderately wounded.
You closely miss the ogre.
You headbutt the ogre, but do no damage.
The ogre is moderately wounded.
The ogre hits you with a giant club!
You hit the ogre. Your headbutt misses the ogre.
The ogre is heavily wounded.
The ogre hits you with a giant club!!
* * * LOW HITPOINT WARNING * * *
You sock the ogre!
The ogre is severely wounded.
The ogre hits you with a giant club!
You die...

.# #..# .# #.## ## #)# #
#.# # #.# # #.# #### #.#
...# ##.###########
...########.....@O...<..
............############
....####...# ...## #.##
...# ... ...# ... ...#
.. ####


You could see an ogre.

Vanquished Creatures
  An orc priest (D:3)
  2 orc wizards (D:3)
  3 adders
  A gnoll (D:1)
  4 dart slugs (D:1)
  A leopard gecko (D:3)
  6 orcs (D:3)
  7 giant cockroaches
  10 goblins
  6 hobgoblins
  4 jackals (D:1)
  6 kobolds
  A ball python (D:3)
  5 bats
  A frilled lizard (D:1)
  4 rats (D:1)
62 creatures vanquished.

Notes
Turn   | Place    | Note
-------+----------+-------------------------------------------
     0 | D:1      | tof the Minotaur Gladiator began the quest for the Orb.
     0 | D:1      | Reached XP level 1. HP: 18/18 MP: 0/0
   233 | D:1      | Reached XP level 2. HP: 25/25 MP: 1/1
   241 | D:1      | Reached skill level 4 in Staves
   247 | D:1      | Reached skill level 1 in Armour
   267 | D:1      | Reached XP level 3. HP: 20/30 MP: 2/2
  1113 | D:3      | Reached XP level 4. HP: 38/38 MP: 3/3
  1534 | D:3      | Reached skill level 5 in Staves
  1534 | D:3      | Reached XP level 5. HP: 45/45 MP: 4/4
  1677 | D:3      | Found a faded altar of an unknown god.
  1738 | D:3      | Noticed an ogre
  1744 | D:3      | HP: 2/45 [ogre/giant club (21)]
  1745 | D:3      | Mangled by an ogre

Vault maps used:
D:1:      saegor_arrival_under_anarchy
D:2:      first_bread
D:3:      chequers_ecumenical_altar_simple

Skill      XL: |  1  2  3  4 |
---------------+-------------+-----
Staves         | 4 5 |  5.3
Armour         | 1 2 |  2.2
Fighting       | 3 |  3.6
Dodging        | 4 |  4.0
Throwing       | |  2.9

Action                   |  1- 3 |  4- 6 || total
-------------------------+-------+-------++-------
Melee: Quarterstaff      |    68 |    54 ||   122
       Headbutt          |     7 |     8 ||    15
 Abil: Evoke Berserk Rag |       |     1 ||     1
  Eat: Chunk             |     1 |     3 ||     4
Armor: Leather armour    |    24 |       ||    24
       Chain mail        |     7 |    22 ||    29
Dodge: Dodged            |    50 |    28 ||    78

Table legend:
 A = Spawn XP
 B = Non-spawn XP
 C = Spawn XP percentage of total XP
 D = Spawn monster count
 E = Non-spawn monster count
 F = Spawn count percentage of total count
 G = Total turns spent on level
                    A         B        C        D         E        F      G
               +---------+---------+-------+---------+---------+-------+---------
         Total |       0 |     288 |   0.0 |       0 |      62 |   0.0 |  1745
               +---------+---------+-------+---------+---------+-------+---------
           D:1 |       0 |      71 |   0.0 |       0 |      29 |   0.0 |   709
           D:2 |       0 |      25 |   0.0 |       0 |       9 |   0.0 |   388
           D:3 |       0 |     192 |   0.0 |       0 |      24 |   0.0 |   648
               +---------+---------+-------+---------+---------+-------+---------
